 Dungeon Crawl Stone Soup version 0.26-a0-27-g1f0226971c (webtiles) character file.

Game seed: 1454036370164318096, levelgen mode: deterministic

140 Esekla the Ducker (level 5, -10/35 HPs)
             Began as an Octopode Warper on May 27, 2020.
             Mangled by an ogre
             ... wielding a +0 giant club
              (15 damage)
             ... on level 3 of the Dungeon.
             The game lasted 00:13:43 (3380 turns).

Esekla the Ducker (Octopode Warper)                 Turns: 3380, Time: 00:13:43

Health: -10/35     AC:  8    Str: 10    XL:     5   Next: 22%
Magic:  8/8        EV: 14    Int: 16    God:
Gold:   163        SH:  0    Dex: 12    Spells: 4/8 levels left

rFire    . . .     SeeInvis .   l - +1 dagger (protect)
rCold    . . .     Gourm    .   (no shield)
rNeg     . . .     Faith    .   (helmet restricted)
rPois    .         Spirit   .   (no amulet)
rElec    .         Reflect  .   (no ring)
rCorr    .         Harm     .   (no ring)
MR       .....                  (no ring)
Stlth    +++.......             (no ring)
HPRegen  0.11/turn              (no ring)
MPRegen  0.11/turn              (no ring)
                                (no ring)
                                (no ring)

@: protection aura
A: almost no armour, stealthy swim, amphibious, 8 rings, constrict 8, camouflage
1, gelatinous body 1
a: no special abilities


You were on level 3 of the Dungeon.
You were not hungry.

You visited 1 branch of the dungeon, and saw 4 of its levels.

You collected 163 gold pieces.

Inventory:

Hand Weapons
 a - a +0 falchion
 l - a +1 dagger of protection (weapon)
 q - a +0 dagger of venom
Missiles
 d - 5 boomerangs of dispersal (quivered)
Armour
 o - a +0 buckler
Wands
 r - a wand of disintegration (20)
Scrolls
 b - 2 scrolls of immolation {unknown}
 c - a scroll of blinking
 h - 2 scrolls of magic mapping {unknown}
 i - 3 scrolls of identify {unknown}
 j - 3 scrolls of remove curse {unknown}
 k - 2 scrolls of amnesia {unknown}
 n - a scroll of fog {unknown}
 s - a scroll of teleportation {unknown}
Potions
 e - 2 potions of curing {unknown}
 g - a potion of mutation {unknown}
 m - a potion of brilliance {unknown}
 p - a potion of lignification {unknown}
 t - 2 potions of heal wounds {unknown}
Comestibles
 f - 13 rations


   Skills:
 + Level 2.4 Fighting
 + Level 0.6(2.2) Short Blades
 * Level 3.5 Long Blades
 - Level 1.0 Throwing
 * Level 3.7 Dodging
 + Level 1.1 Stealth
 + Level 2.2 Spellcasting
 + Level 0.1 Charms
 + Level 3.0 Translocations


You had 4 spell levels left.
You knew the following spells:

 Your Spells              Type           Power        Failure   Level  Hunger
a - Shroud of Golubria    Chrm/Tloc      #.....       16%         2    ###....
b - Blink                 Tloc           N/A          9%          2    ###....

Your spell library contained the following spells:

 Spells                   Type           Power        Failure   Level  Hunger
 Gell's Gravitas          Tloc           ##........   17%         3    ###....
 Lesser Beckoning         Tloc           ##........   17%         3    ###....
 Teleport Other           Tloc           ##......     17%         3    ###....
 Passage of Golubria      Tloc           N/A          50%         4    #####..


Dungeon Overview and Level Annotations

Branches:
Dungeon (4/15)
 Temple: D:4-7

Altars:
Yredelemnul


Innate Abilities, Weirdness & Mutations

You cannot wear most types of armour.
You are very stealthy in the water. (Stealth+)
You are amphibious.
You can wear up to eight rings at the same time.
You can use your tentacles to constrict eight enemies at once.
Your skin changes colour to match your surroundings (Stealth+).
Your rubbery body absorbs attacks. (AC +1, EV +1)


Message History

Casting: Shroud of Golubria (safe; 16% risk of failure)
Confirm with . or Enter, or press ? or * to list all spells.
You blink.
Quiver which item? (- for none, * to show all) (? for menu, Esc to quit)
Okay, then.
Your +0 dagger of venom stops dripping with poison.
Your +1 dagger of protection hums with potential!
l - a +1 dagger of protection (weapon)
The ogre looks more healthy.
You hit the ogre.
Your weapon exudes an aura of protection.
The ogre is severely wounded.
The ogre hits you with a +0 giant club!
* * * LOW HITPOINT WARNING * * *
You hit the ogre but do no damage.
The ogre is severely wounded.
You hit the ogre.
The ogre is almost dead.
The ogre hits you with a +0 giant club!
You die...

########## #######
#........# #.....#
####.######.###.###.#
#....O@.........# #.###
#.##.##.##......###....
#.##.##.##.P.P......###
.$#
##.#...#.##.._...#.### #
#.# #[..........P.P.##.#
#.# #..#...#.##.....##.#
#.#
#..##.##.###.......###
#.#
#..##................#
#####.#
#..#####.#####.#####.###


You could see an ogre.

Vanquished Creatures
  An iguana (D:3)
  4 adders
  An ooze (D:1)
  A worm (D:3)
  3 dart slugs
  2 leopard geckos
  4 orcs (D:3)
  2 giant cockroaches
  7 goblins
  4 hobgoblins
  6 jackals
  3 quokkas
  A ball python (D:1)
  6 bats
  8 frilled lizards
  3 kobolds
  7 rats
63 creatures vanquished.

Notes
Turn   | Place    | Note
-------+----------+-------------------------------------------
     0 | D:1      | Esekla the Octopode Warper began the quest for the Orb.
     0 | D:1      | Reached XP level 1. HP: 14/14 MP: 3/3
   329 | D:1      | Reached XP level 2. HP: 15/19 MP: 5/5
   719 | D:1      | Reached XP level 3. HP: 24/24 MP: 6/6
  1028 | D:1      | Learned a level 2 spell: Shroud of Golubria
  1031 | D:1      | Learned a level 2 spell: Blink
  1788 | D:2      | Reached XP level 4. HP: 23/29 MP: 7/7
  2341 | D:3      | Found a basalt altar of Yredelemnul.
  2907 | D:4      | Noticed an ogre
  2907 | D:4      | Noticed an ogre
  2941 | D:3      | Reached skill level 1 in Stealth
  2941 | D:3      | Reached XP level 5. HP: 23/35 MP: 5/8
  3144 | D:4      | Noticed an ice beast
  3380 | D:3      | Mangled by an ogre

Illustrated notes

Levels and vault maps discovered:
D:1:      dpeg_chamrin_arrival_tetris, layout_basic, minmay_misc_feat_x,
          roderic_lattice_a, minmay_tetromino_o4
D:2:      layout_rooms, first_ration
D:3:      layout_loops_ring, yredelemnul_altar_generic
D:4:      kennysheep_kobold_camp, layout_cave_pools, serial_shops, shop,
          kennysheep_little_box, kennysheep_mini_moat, uniq_menkaure

Skill      XL: |  1  2  3  4 |
---------------+-------------+-----
Dodging        | 3 |  3.7
Long Blades    | 3 |  3.5
Stealth        | 1 |  1.1
Fighting       | |  2.4
Short Blades   | |  0.6
Throwing       | |  1.0
Spellcasting   | |  2.2
Charms         | |  0.1
Translocations | |  3.0

Action                   |  1- 3 |  4- 6 || total
-------------------------+-------+-------++-------
Melee: Falchion          |    57 |       ||    57
       Constrict         |    25 |    15 ||    40
       Tentacles         |    16 |    13 ||    29
       Dagger            |    32 |    72 ||   104
 Cast: Shroud of Golubri |     1 |     5 ||     6
       Blink             |       |     1 ||     1
 Stab: Sleeping          |     3 |     1 ||     4
  Eat: Chunk             |     3 |     5 ||     8
Armor: Skin              |     7 |    11 ||    18
Dodge: Dodged            |    67 |    45 ||   112
       Rpst.: Falchion   |     8 |       ||     8

Table legend:
 A = Non-vault XP
 B = Vault XP
 C = Vault XP percentage of total XP
 D = Non-vault monster count
 E = Vault monster count
 F = Vault count percentage of total count
                 A         B        C        D         E       F
            +---------+---------+-------+---------+---------+-------
      Total |     190 |      10 |   5.0 |      60 |       3 |   4.8
            +---------+---------+-------+---------+---------+-------
        D:1 |      39 |      10 |  20.4 |      22 |       3 |  12.0
        D:2 |      43 |       0 |   0.0 |      20 |       0 |   0.0
        D:3 |      91 |       0 |   0.0 |      15 |       0 |   0.0
        D:4 |      17 |       0 |   0.0 |       3 |       0 |   0.0
            +---------+---------+-------+---------+---------+-------
